 Dungeon Crawl Stone Soup version 0.17.0-23-g0de4337 (webtiles) character file.

345 Gravenous the Cudgeler (level 6, 0/66 HPs)
             Began as an Ogre Artificer on Nov 15, 2015.
             Slain by a wyvern (2 damage)
             ... on level 5 of the Dungeon.
             The game lasted 00:08:41 (5122 turns).

Gravenous the Cudgeler (Ogre Artificer)             Turns: 5122, Time: 00:08:41

Health: 0/66       AC:  3    Str: 17      XL:     6   Next: 58%
Magic:  7/7        EV: 10    Int: 13      God:
Gold:   180        SH:  0    Dex:  9 (10) Spells: 0 memorised, 5 levels left

rFire  . . .     SeeInvis .     j - +1 flail
rCold  . . .     Clarity  .     b - +0 robe
rNeg   . . .     SustAt   .     (no shield)
rPois  .         Gourm    .     (helmet restricted)
rElec  .         Spirit   .     (no cloak)
rCorr  .         Warding  .     (gloves unavailable)
rMut   .         Stasis   .     (boots unavailable)
MR     .....                    h - amulet of inaccuracy (curse)
Stlth  ++........               (no ring)
                                s - ring of stealth

@: not resistant to hostile enchantments, unstealthy
A: unfitting armour, tough skin 1
a: no special abilities


You were on level 5 of the Dungeon.
You were near starving.

You visited 1 branch of the dungeon, and saw 5 of its levels.

You collected 180 gold pieces.

Inventory:

Hand Weapons
 a - a +0 short sword
 g - a +0 club
 j - a +1 flail (weapon)
Missiles
 w - 11 poisoned needles
Armour
 b - a +0 robe (worn)
Jewellery
 h - a cursed amulet of inaccuracy (around neck)
 s - a ring of stealth (left hand)
Wands
 c - a wand of flame (0)
 d - a wand of enslavement (14)
 e - a wand of random effects (4)
Scrolls
 x - a scroll of magic mapping
Potions
 r - a potion of brilliance
 t - a potion of cancellation
 v - a potion of might
Comestibles
 f - 3 bread rations
 m - a beef jerky
 n - 2 meat rations


   Skills:
 + Level 5.2 Fighting
 - Level 0.5 Short Blades
 * Level 6.6 Maces & Flails
 - Level 1.8 Dodging
 - Level 0.7 Stealth
 - Level 2.4 Evocations


You had 5 spell levels left.
You didn't know any spells.

Dungeon Overview and Level Annotations

Branches:
Dungeon (5/15)
 Temple: D:4-7

Altars:
Nemelex Xobeh

Annotations:
D:3 Rayvis's ghost, amateur MiFi
D:4 Rayvis's ghost, amateur MiFi


Innate Abilities, Weirdness & Mutations

You are too large for most types of armour.
You have tough skin (AC +1).


Message History

The wyvern is heavily wounded.
The wyvern bites you.
You closely miss the wyvern.
The wyvern is heavily wounded.
The wyvern barely misses you. x2
You closely miss the wyvern.
The wyvern is heavily wounded.
The wyvern bites you! x2
* * * LOW HITPOINT WARNING * * *
You hit the wyvern.
The wyvern is severely wounded.
The wyvern bites you!
* * * LOW HITPOINT WARNING * * *
You hit the wyvern.
The wyvern is almost dead.
The wyvern barely misses you. x2
You miss the wyvern.
The wyvern is almost dead.
The wyvern bites you.
You die...

###...###
###........)...#
###.).###
#####....).###
###...### ######.#
###...### ######....##
###...####.....###..##
###..........# ###..
#..##############.
##..........§§§###.
###
#.@.........§§...##
..##
#.l.........§§§..##
...#
#)...............##
..## ##*
#..##............# .##
###.#*
#..############### ##
*##....*##..# * #
**......##...# ***
***,.......#...# **,,
**,,,.......#.## **,,,


You could see a wyvern.

Vanquished Creatures
  An ice beast (D:5)
  2 orc priests
  An orc wizard (D:3)
  A worker ant (D:5)
  4 adders
  2 worms
  5 orcs
  2 ball pythons
  6 giant cockroaches
  16 hobgoblins
  11 jackals
  A quokka (D:2)
  8 bats
  A giant gecko (D:2)
  2 giant newts
  13 goblins
  9 kobolds
  12 rats
97 creatures vanquished.

Vanquished Creatures (collateral kills)
  An orc (D:5)
1 creature vanquished.

Grand Total: 98 creatures vanquished

Notes
Turn   | Place    | Note
--------------------------------------------------------------
     0 | D:1      | Gravenous the Ogre Artificer began the quest for the Orb.
     0 | D:1      | Reached XP level 1. HP: 19/19 MP: 2/2
     3 | D:1      | Noticed an electric eel
     3 | D:1      | Noticed an electric eel
   370 | D:1      | Reached skill level 1 in Maces & Flails
   426 | D:1      | Reached XP level 2. HP: 23/28 MP: 3/3
  1155 | D:1      | Reached XP level 3. HP: 33/36 MP: 4/4
  1356 | D:1      | Found a sparkling altar of Nemelex Xobeh.
  1481 | D:1      | Reached skill level 3 in Maces & Flails
  2089 | D:2      | Found a faded altar to an unknown god.
  2116 | D:2      | Reached XP level 4. HP: 30/45 MP: 5/5
  2452 | D:2      | Reached skill level 4 in Maces & Flails
  2983 | D:3      | Noticed Rayvis's ghost (amateur MiFi)
  3587 | D:3      | Reached XP level 5. HP: 51/54 MP: 6/6
  3829 | D:3      | Reached skill level 5 in Maces & Flails
  4374 | D:4      | Noticed Rayvis's ghost (amateur MiFi)
  4386 | D:5      | Entered Level 5 of the Dungeon
  4538 | D:5      | Noticed an ice beast
  4560 | D:5      | Noticed an ice beast
  4577 | D:5      | Killed an ice beast
  4577 | D:5      | Reached skill level 6 in Maces & Flails
  4577 | D:5      | Reached XP level 6. HP: 49/65 MP: 7/7
  4666 | D:5      | Reached skill level 5 in Fighting
  5111 | D:5      | Noticed a wyvern
  5111 | D:5      | an ice beast changed into a wyvern
  5120 | D:5      | HP: 1/66 [wyvern (16)]
  5122 | D:5      | Slain by a wyvern

Action                   |  1- 3 |  4- 6 || total
-------------------------+-------+-------++-------
Melee: Short sword       |   194 |   124 ||   318
       Flail             |       |   140 ||   140
Evoke: Wand              |     6 |    21 ||    27
  Use: Potion            |       |     5 ||     5
       Scroll            |       |    10 ||    10
 Stab: Sleeping          |     1 |     2 ||     3
  Eat: Chunk             |     4 |     8 ||    12
